 Dungeon Crawl Stone Soup version bcrawl-1.41.1 (webtiles) character file.

Game seed: 12020124221871444359

148478 Grimmash the Sneak (level 6, -2/52 HPs)
             Began as a Naga Archaeologist on Apr 20, 2024.
             Was a Follower of Cheibriados.
             Slain by a worm (9 damage)
             ... on level 4 of the Dungeon.
             The game lasted 00:05:43 (3341 turns).

Grimmash the Sneak (Naga Archaeologist)             Turns: 3341, Time: 00:05:43

Health: -2/52      AC: 13    Str: 15    XL:     6   Next: 16%
Magic:  7/7        EV:  5    Int: 19    God:    Cheibriados [*.....]
Gold:   83         SH:  7    Dex: 11    Spells: 6/7 levels left

rFire    . . .     GDR:     24% a - +0 flail
rCold    + . .     SeeInvis +   m - +0 medium shield
rNeg     . . .     Gourm    .   h - +7 Kryia's mail coat {PotionHeal*2 rC+ RMsl}
rPois    +         Faith    .   d - +1 hat
rElec    .         Spirit   .   (no cloak)
rCorr    .         Reflect  .   (no gloves)
MR       ++...     Clarity  +   (no barding)
Stlth    +.........             (no amulet)
HPRegen  0.18/turn              t - ring of Xom's Passing Interest {+Fly MR+}
MPRegen  0.10/turn              r - ring of protection from magic

@: repel missiles, very slow
A: large, tail, swims, see invisible, deformed body, poison resistance, slowness
2, slow metabolism 1, spit poison 1, AC +2
a: Spit Poison, Bend Time, Renounce Religion, Evoke Flight


You were on level 4 of the Dungeon.
You worshipped Cheibriados.
Cheibriados was aware of your devotion.
You were hungry.

You visited 1 branch of the dungeon, and saw 4 of its levels.

You collected 83 gold pieces.

Inventory:

Hand Weapons
 a - a +0 flail (weapon)
 b - a +0 blowgun
Missiles
 c - 32 poisoned tomahawks (quivered)
 f - 6 curare-tipped needles
 p - 123 poisoned needles
Armour
 d - a +1 hat (worn)
 h - the +7 Kryia's mail coat (worn) {PotionHeal*2 rC+ RMsl}
   (You acquired it on level 3 of the Dungeon)

   It protects you from cold.
   It protects you from missiles.
 m - a +0 medium shield (worn)
Jewellery
 l - an uncursed ring of insulation
 r - a ring of protection from magic (right hand)
 t - the ring of Xom's Passing Interest (left hand) {+Fly MR+}
   (You found it on level 2 of the Dungeon)

   [ring of flight]

   It affects your resistance to hostile enchantments.
   It lets you fly.
Scrolls
 g - 3 scrolls of revelation
 k - a scroll of noise {unknown}
 s - a scroll of remove curse
 v - a scroll of enchant armour {unknown}
 w - a scroll of amnesia {unknown}
 x - a scroll of teleportation {unknown}
 y - a scroll of immolation {unknown}
Potions
 i - a potion of degeneration {unknown}
 j - a potion of heal wounds {unknown}
 n - a potion of brilliance {unknown}
 o - a potion of agility {unknown}
 q - a potion of mutation {unknown}
 u - a potion of curing {unknown}
Comestibles
 e - 5 rations {!d}


   Skills:
 * Level 2.0 Fighting
 * Level 2.7 Maces & Flails
 * Level 1.2 Armour
 * Level 3.2 Dodging
 + Level 5.5 Stealth
 * Level 1.7 Shields
 * Level 1.1 Spellcasting
 * Level 1.0 Conjurations
 * Level 0.1 Invocations


You had 6 spell levels left.
You knew the following spells:

 Your Spells              Type           Power        Failure   Level  Hunger
a - Magic Dart            Conj           #...         98%         1    None

Your spell library contained the following spells:

 Spells                   Type           Power        Failure   Level  Hunger
 Blink                    Tloc           N/A          100%        2    ###....
 Call Imp                 Summ           #.....       100%        2    ###....
 Conjure Flame            Conj/Fire      #.......     100%        3    #####..
 Mephitic Cloud           Conj/Pois/Air  #.......     100%        3    #####..
 Spider Form              Tmut/Pois      #..          100%        3    #####..


Dungeon Overview and Level Annotations

Branches:
Dungeon (4/12)
 Temple: D:4-7

Altars:
Cheibriados
Sif Muna
Vehumet
Xom

Portals:
Sewer: D:4


Innate Abilities, Weirdness & Mutations

You cannot wear boots.
You can swim through water.
Your serpentine skin is tough. (AC +2)
You have supernaturally acute eyesight. (SInv)
Armour fits poorly on your strangely shaped body.
Your system is resistant to poisons. (rPois)
You cover ground very slowly.
You have a slow metabolism.
You can spit poison.


Message History

Cheibriados appreciates the change of pace.
You feel slightly more hungry.
No path to travel!
The worm bites you.
* * * LOW HITPOINT WARNING * * *
The worm barely misses you.
Items here: ( ) = †† a +0 hand axe; 101 stones; an uncursed ring of see invisible; an orc corpse a river rat corpse You hit the worm.
The worm is moderately wounded.
You hit the worm.
The worm is severely wounded.
You have got your breath back.
The worm bites you.
* * * LOW HITPOINT WARNING * * *
You hit the worm.
The worm is almost dead.
The worm bites you!
You die...

#####..##.####.........,*,*
.......##.# ##.##.###*,*,*
*** #####..##.# #.##.#
**,#.* *,, #####..##.#
#.##.###....* *,*
#####..##.# #........?..*
*,* ..........#
####.###...** *,*
#####..#### #.####.#* *,*
#####..# ####......# *,*
.......# #w@....<..# *,*
########
##.######.##******,*
#######***####...##
*,#*,,,,,,,*
####...,....>..#w.#
*,**,*******
####.##*######....## *,**,*
####.## #.......###.##,*
####.##
#............#,*******
.....##
#..##≈≈.≈≈##..,,,,,,,*
******
#..*#≈≈.≈≈#*,*,**,**,*


You could see a worm.

Vanquished Creatures
  A bullfrog skeleton (D:4)
  A worker ant (D:3)
  4 gnolls (D:3)
  3 adders
  A river rat (D:4)
  An adder zombie (D:3)
  3 worms
  4 dart slugs
  8 leopard geckos
  12 orcs
  A ball python (D:1)
  4 goblins (D:1)
  16 hobgoblins
  8 jackals
  3 quokkas
  7 bats
  5 frilled lizards
  6 kobolds
  4 rats
92 creatures vanquished.

Notes
Turn   | Place    | Note
-------+----------+-------------------------------------------
     0 | D:1      | Grimmash the Naga Archaeologist began the quest for the
                  | Orb.
     0 | D:1      | Reached XP level 1. HP: 18/18 MP: 1/1
   241 | D:1      | Reached skill level 5 in Stealth
   267 | D:1      | Reached XP level 2. HP: 25/25 MP: 2/2
   589 | D:1      | Reached XP level 3. HP: 16/31 MP: 3/3
  1301 | D:2      | Reached XP level 4. HP: 38/38 MP: 4/4
  1303 | D:2      | Learned a level 1 spell: Magic Dart
  1352 | D:2      | Found a shimmering blue altar of Sif Muna.
  1457 | D:2      | Got a heavily runed jade ring
  1825 | D:2      | Reached skill level 1 in Armour
  2110 | D:3      | Identified the ring of Xom's Passing Interest {+Fly MR+}
                  | (You found it on level 2 of the Dungeon)
  2129 | D:3      | Reached XP level 5. HP: 42/45 MP: 6/6
  2129 | D:3      | Identified a scroll of acquirement
  2133 | D:3      | Found the +7 Kryia's mail coat {PotionHeal*2 rC+ RMsl}
  2325 | D:3      | Found a radiant altar of Vehumet.
  2363 | D:3      | Reached skill level 1 in Shields
  2366 | D:3      | HP: 2/45 [gnoll (6)]
  2369 | D:3      | Reached skill level 1 in Spellcasting
  2527 | D:3      | Found a snail-covered altar of Cheibriados.
  2529 | D:3      | Became a worshipper of Cheibriados the Contemplative
  2685 | D:3      | Found a shimmering altar of Xom.
  2942 | D:3      | Reached skill level 1 in Conjurations
  2946 | D:3      | Reached * piety under Cheibriados
  3261 | D:4      | Reached XP level 6. HP: 44/52 MP: 7/7
  3278 | D:4      | Got a bronze chain mail
  3289 | D:4      | Identified the +4 chain mail of Kysmorhe {rN+} (You found
                  | it on level 4 of the Dungeon)
  3315 | D:4      | Found a glowing drain.
  3341 | D:4      | Slain by a worm

Skill      XL: |  1  2  3  4  5 |
---------------+----------------+-----
Stealth        | 5 |  5.5
Armour         | 1 |  1.2
Maces & Flails | 2 |  2.7
Dodging        | 3 |  3.2
Shields        | 1 |  1.7
Spellcasting   | 1 |  1.1
Fighting       | 2 |  2.0
Conjurations   | 1 |  1.0
Invocations    | |  0.1

Action                   |  1- 3 |  4- 6 || total
-------------------------+-------+-------++-------
Melee: Whip              |   135 |   153 ||   288
       Flail             |       |   123 ||   123
Throw: Tomahawk          |       |     1 ||     1
 Cast: Magic Dart        |       |     1 ||     1
 Abil: Spit Poison       |     9 |    12 ||    21
  Use: Scroll            |       |     4 ||     4
 Stab: Sleeping          |    13 |     3 ||    16
  Eat: Chunk             |     5 |    15 ||    20
Armor: Robe              |    40 |    27 ||    67
       Scale mail        |       |   147 ||   147
Dodge: Dodged            |    38 |    72 ||   110
       Deflected         |       |     7 ||     7
Block: Medium shield     |    41 |   121 ||   162
